 Dungeon Crawl Stone Soup version 0.27-a0-1105-g946c659c87 (webtiles) character file.

Game seed: 306189759712601108

617 toffzen the Cudgeller (level 7, -13/61 HPs)
             Began as a Yellow Draconian Berserker on Apr 30, 2021.
             Was a Priest of Trog.
             Mangled by Prince Ribbit (14 damage)
             ... on level 5 of the Dungeon.
             The game lasted 00:05:16 (4359 turns).

toffzen the Cudgeller (Yellow Draconian Berserker)  Turns: 4359, Time: 00:05:17

Health: -13/61     AC:  6    Str: 19    XL:     7   Next: 21%
Magic:  7/7        EV: 13    Int:  8    God:    Trog [***...]
Gold:   216        SH:  0    Dex: 12    Spells: 6/6 levels left

rFire    . . .     SeeInvis .   a - +2 mace (protect)
rCold    . . .     Faith    .   (no shield)
rNeg     . . .     Spirit   .   (armour unavailable)
rPois    .         Reflect  .   (helmet restricted)
rElec    .         Harm     .   (no cloak)
rCorr    +         Rampage  .   (no gloves)
Will     .....                  (no boots)
Stlth    +.........             (no amulet)
HPRegen  0.20/turn              (no ring)
MPRegen  0.10/turn              (no ring)

@: on berserk cooldown, slowed, very slow
A: spit acid, AC +6, unfitting armour, cold-blooded, acid resistance
a: Breathe Acid, Renounce Religion, Berserk, Trog's Hand


You were on level 5 of the Dungeon.
You worshipped Trog.
Trog was most pleased with you.
You visited 1 branch of the dungeon, and saw 5 of its levels.

You collected 216 gold pieces.

Inventory:

Hand Weapons
 a - a +2 mace of protection (weapon)
 b - a +0 flail
Missiles
 e - 181 stones
 j - 32 poisoned darts
 o - 8 curare-tipped darts
Wands
 q - a wand of flame (15)
Scrolls
 c - 2 scrolls of teleportation {unknown}
 g - 2 scrolls of identify {unknown}
 k - a scroll of enchant armour {unknown}
 m - a scroll of fear {unknown}
 p - a scroll of acquirement {unknown}
Potions
 d - a potion of brilliance {unknown}
 f - a potion of ambrosia {unknown}
 h - 3 potions of invisibility {unknown}
 i - a potion of degeneration {unknown}
 l - 2 potions of haste {unknown}
 n - a potion of might {unknown}
 r - a potion of attraction {unknown}


   Skills:
 + Level 5.3 Fighting
 * Level 6.2 Maces & Flails
 + Level 4.4 Dodging


You had 6 spell levels left.
You didn't know any spells.
Your spell library was empty.

Dungeon Overview and Level Annotations

Branches:
Dungeon (5/15)             Temple (0/1) D:5

Altars:
Gozag

Annotations:
D:2 1 runed translucent door, Crazy Yiuf
D:4 3 runed translucent doors, Capylives's ghost, novice DjFE
D:5 Prince Ribbit


Innate Abilities, Weirdness & Mutations

You can spit globs of acid.
Your golden yellow scales are hard. (AC +6)
You cannot fit into any form of body armour.
You are cold-blooded and may be slowed by cold attacks.
You are resistant to acid. (rCorr)


Message History

Prince Ribbit hops awkwardly around.
Prince Ribbit hops awkwardly around.
A red film seems to cover your vision as you go berserk!
You feel yourself moving faster!
You feel mighty!
Prince Ribbit blinks!
You feel a strong urge to attack something.
Prince Ribbit blinks!
You feel your anger nearly subside.
You are no longer berserk.
You are exhausted.
You feel yourself slow down. Prince Ribbit misses you.
You barely miss Prince Ribbit. Prince Ribbit hits you!! Prince Ribbit hits you!
You sock Prince Ribbit!
Your weapon exudes an aura of protection.
Prince Ribbit is moderately wounded.
Prince Ribbit closely misses you. Prince Ribbit hits you.
You barely miss Prince Ribbit. You tail-slap Prince Ribbit.
Prince Ribbit is heavily wounded.
Prince Ribbit hits you!
* * * LOW HITPOINT WARNING * * *
Prince Ribbit hits you!
* * * LOW HITPOINT WARNING * * *
Prince Ribbit closely misses you.
You hit Prince Ribbit.
Your weapon exudes an aura of protection.
You tail-slap Prince Ribbit.
Prince Ribbit is severely wounded.
Prince Ribbit hits you but does no damage.
Prince Ribbit closely misses you.
Okay, then.
Okay, then.
Unknown command.
You miss Prince Ribbit. You tail-slap Prince Ribbit.
Prince Ribbit is severely wounded.
Prince Ribbit hits you!
* * * LOW HITPOINT WARNING * * *
Prince Ribbit completely misses you.
You miss Prince Ribbit.
Prince Ribbit is severely wounded.
Prince Ribbit closely misses you. Prince Ribbit hits you!
You die...

#### #... #.⌠. ####...
#################......
#.)...@F..........⌠..>.
#.)##############......
#... #######... ....#)
.... #.⌠. ...§....
#...###... ####.#. ..
##......... .. . ...
#..###..... .. ..
...####.####.....
.........#.....


You could see Prince Ribbit.

Vanquished Creatures
  A necrophage (D:4)
  2 kobold brigands (D:3)
  A bullfrog skeleton (D:5)
  4 orc priests
  2 orc wizards (D:5)
  Terence (D:2)
  A hound skeleton (D:4)
  4 adders
  3 ufetubi (D:4)
  An adder skeleton (D:4)
  A worm (D:2)
  A dart slug (D:2)
  12 orcs
  3 endoplasms
  2 giant cockroaches
  6 goblins
  7 hobgoblins
  14 jackals
  3 quokkas
  3 ball pythons (D:3)
  A bat (D:2)
  A frilled lizard (D:3)
  13 kobolds
  2 rats
89 creatures vanquished.

Notes
Turn   | Place    | Note
-------+----------+-------------------------------------------
     0 | D:1      | toffzen the Draconian Berserker began the quest for the
                  | Orb.
     0 | D:1      | Reached XP level 1. HP: 19/19 MP: 1/1
   171 | D:1      | Reached XP level 2. HP: 26/26 MP: 2/2
   882 | D:2      | Noticed Terence
   890 | D:2      | Killed Terence
   891 | D:2      | Reached XP level 3. HP: 33/33 MP: 3/3
  1003 | D:2      | Reached skill level 4 in Maces & Flails
  1151 | D:2      | Found a runed translucent door.
  1154 | D:2      | Noticed Crazy Yiuf
  1203 | D:2      | Found a faded altar of an unknown god.
  1599 | D:3      | Reached XP level 4. HP: 40/40 MP: 4/4
  1606 | D:3      | Reached ** piety under Trog
  1900 | D:3      | Found an opulent altar of Gozag.
  2129 | D:3      | Reached XP level 5. HP: 40/46 MP: 5/5
  2588 | D:3      | Reached skill level 5 in Maces & Flails
  2762 | D:3      | Reached XP level 6. HP: 25/53 MP: 6/6
  3306 | D:4      | Reached skill level 5 in Fighting
  3349 | D:4      | Found a runed translucent gate.
  3350 | D:4      | Found a runed translucent gate.
  3350 | D:4      | Found a runed translucent gate.
  3352 | D:4      | Noticed Capylives's ghost (novice DjFE)
  3422 | D:4      | Reached *** piety under Trog
  3943 | D:5      | Entered Level 5 of the Dungeon
  3958 | D:4      | Reached skill level 6 in Maces & Flails
  3965 | D:5      | Found a staircase to the Ecumenical Temple.
  3975 | D:5      | Your scales start taking on a golden yellow colour.
  3975 | D:5      | Reached XP level 7. HP: 54/61 MP: 7/7
  3975 | D:5      | Gained mutation: You are resistant to acid. (rCorr) [Yellow
                  | Draconian growth]
  4341 | D:5      | Noticed Prince Ribbit
  4358 | D:5      | HP: 1/61 [Prince Ribbit (8)]
  4359 | D:5      | Mangled by Prince Ribbit

Illustrated notes

Levels and vault maps discovered:
D:1:      lemuel_arrival_cross, layout_rooms
D:2:      layout_basic, basic_ecumenical_altar, uniq_crazy_yiuf_cottage,
          uniq_terence
D:3:      cheibrodos_thug_alley, layout_loops_ring, general_overflow_altar,
          small_statue_intersection, bh_walls_and_bars
D:4:      layout_loops_ring, gammafunk_ghost_necromancy
D:5:      due_chaos_kobolds, layout_rooms, chei_slow_surprise,
          minmay_temple_entry_junction, uniq_prince_ribbit1

Skill      XL: |  1  2  3  4  5  6 |
---------------+-------------------+-----
Dodging        | 3 4 |  4.4
Maces & Flails | 4 5 6 |  6.2
Fighting       | 4 5 |  5.3

Action                   |  1- 3 |  4- 6 |  7- 9 || total
-------------------------+-------+-------+-------++-------
Melee: Mace              |    60 |   176 |    31 ||   267
       Tailslap          |     8 |    23 |     6 ||    37
       Flail             |    15 |       |       ||    15
Invok: Berserk           |     1 |     2 |     2 ||     5
 Stab: Sleeping          |     1 |       |       ||     1
Armor: Skin              |    22 |    72 |    11 ||   105
Dodge: Dodged            |    43 |   113 |    17 ||   173

Table legend: (Time is in decaauts)
 A = Elapsed time spent in this place.
 B = Non-inter-level travel time spent in this place.
 C = Inter-level travel time spent in this place.
 D = Time resting spent in this place.
 E = Time spent auto-exploring this place.
 F = Levels seen in this place.
 G = Mean time per level.
                   A        B        C        D        E       F      G
               +--------+--------+--------+--------+--------+-----+--------+
         Total |   4462 |   4372 |     90 |   1125 |   2253 |   5 |  892.4 |
       Dungeon |   4462 |   4372 |     90 |   1125 |   2253 |   5 |  892.4 |
               +--------+--------+--------+--------+--------+-----+--------+

Top non-repeatable levels by time:
     D:3: 1730 daAuts
     D:4: 912 daAuts
     D:2: 770 daAuts
     D:1: 744 daAuts
     D:5: 305 daAuts
